Map: Acid Plant LE

Players

Rendezvous - Winner!

  • Race: Terran Terran
  • Spawn Location: 5:00

Rye

  • Race: Zerg Zerg
  • League: Diamond
  • Spawn Location: 11:00

VOD

Have the link to the VOD?

Description

Time

  • Played on: Aug. 17, 2018, 7:53 p.m.
  • Length: 23:48
Show
View Real Time Build Order
Export as new Build Order

Rendezvous Terran - Winner!

Build Orders: Command Center First (CC) 

Get SALT Encoding   

  12  0:01  SCV  
  13  0:14  Supply Depot  
  13  0:17  SCV  
  14  0:29  SCV  
  15  0:41  SCV  
  16  0:53  SCV  
  17  1:02  Command Center  
  17  1:06  SCV  
  18  1:12  Refinery  
  18  1:17  Refinery  
  18  1:18  SCV  
  19  1:30  Barracks  
  19  1:34  SCV  
  20  1:43  Engineering Bay  
  20  1:47  SCV  
  21  1:59  SCV  
  22  2:11  SCV  
  22  2:13  Planetary Fortress  
  23  2:17  Marine  
  24  2:23  Orbital Command  
  24  2:34  Factory  
  24  2:35  Marine  
  25  2:49  SCV  
  25  2:51  SCV  
  27  3:00  Bunker  
  27  3:02  SCV  
  28  3:09  SCV  
  29  3:18  SCV  
  30  3:20  Factory Tech Lab  
  30  3:23  Starport  
  30  3:24  SCV  
  30  3:25  Starport  
  31  3:32  SCV, Refinery  
  33  3:41  SCV  
  33  3:46  SCV, Supply Depot  
  33  3:47  Starport  
  34  3:53  Refinery  
  34  3:58  SCV  
  35  4:05  Starport Tech Lab  
  35  4:08  SCV  
  36  4:10  Factory Tech Lab  
  36  4:17  SCV  
  36  4:20  Viking  
  39  4:28  Supply Depot  
  39  4:35  Hi-Sec Auto Tracking  
  39  4:37  SCV x2  
  41  4:42  Raven  
  41  4:43  Command Center  
  43  4:52  Raven  
  45  4:54  Factory Tech Lab  
  45  5:05  SCV x2  
  45  5:06  Barracks  
  47  5:10  Corvid Reactor  
  47  5:16  Supply Depot  
  47  5:17  SCV  
  47  5:18  SCV  
  49  5:24  Raven  
  51  5:31  Missile Turret  
  51  5:34  Missile Turret  
  51  5:39  Missile Turret  
  51  5:40  Supply Depot  
  51  5:41  SCV x2  
  53  5:43  Missile Turret  
  53  5:47  Raven  
  55  5:54  Barracks  
  55  5:59  Missile Turret  
  55  6:15  SCV x2  
  55  6:18  Command Center  
  57  6:24  Raven  
  59  6:30  Planetary Fortress  
  59  6:37  Raven  
  59  6:38  SCV  
  59  6:39  SCV  
  63  6:42  Barracks  
  63  6:49  Refinery  
  63  6:50  Refinery  
  59  6:54  Building Armor  
  58  6:55  SCV x2  
  58  6:58  Refinery  
  60  7:02  Missile Turret  
  60  7:07  SCV  
  61  7:18  Missile Turret x2  
  61  7:20  SCV x3  
  64  7:34  SCV x3  
  67  7:41  Missile Turret  
  67  7:47  Raven x3  
  71  7:53  Marine x3  
  74  7:59  SCV x3  
  74  8:01  Marine  
  78  8:11  Marine x3  
  77  8:27  Marine  
  77  8:28  SCV x2  
  77  8:29  SCV, Marine x3  
  77  8:30  Raven x3  
  88  8:34  Command Center  
  88  8:37  Terran Infantry Weapons Level 1  
  84  8:45  SCV x3, Marine  
  84  8:47  Marine x3  
  91  9:03  Marine  
  91  9:04  Marine x2  
  91  9:05  Marine  
  95  9:12  Raven  
  95  9:13  Raven  
  99  9:17  Missile Turret  
  99  9:19  SCV  
  100  9:24  Supply Depot  
  100  9:25  Supply Depot  
  100  9:28  Command Center  
  100  9:44  SCV  
  100  9:45  SCV x2, Marine x4, Raven  
  98  9:55  Raven  
  100  10:03  Marine x4  
  104  10:21  Marine, Raven  
  101  10:22  Marine x3  
  106  10:28  Raven  
  108  10:38  Marine, Raven  
  108  10:39  Marine  
  110  10:51  Marine x2  
  110  10:52  SCV x3  
  110  10:56  Marine  
  104  10:57  Marine  
  104  11:04  SCV x2, Raven  
  105  11:05  SCV  
  105  11:09  Marine x2  
  112  11:11  Raven  
  114  11:21  SCV x2, Raven  
  114  11:22  SCV, Starport  
  115  11:33  SCV  
  115  11:39  Command Center  
  116  11:42  Command Center  
  116  11:48  Supply Depot  
  116  11:49  Supply Depot x2  
  116  12:04  Supply Depot  
  116  12:09  Marine x2, Raven x2  
  116  12:10  SCV x3, Marine x2, Raven x2  
  114  12:23  SCV  
  114  12:27  Marine x3  
  114  12:28  Marine  
  119  12:45  Marine x3  
  119  12:46  Marine  
  119  12:52  Raven x2  
  119  12:53  Raven x2  
  121  13:03  Marine x3  
  121  13:04  Marine  
  117  13:15  Missile Turret  
  117  13:17  Missile Turret x2  
  117  13:18  Refinery  
  117  13:19  Refinery  
  117  13:21  Marine x4  
  115  13:35  Raven x2  
  115  13:36  Raven  
  115  13:38  Marine x2  
  115  13:39  Marine x2  
  120  13:56  Marine x2  
  120  13:57  SCV x3, Marine x2  
  127  14:06  Command Center  
  127  14:09  SCV  
  128  14:14  Marine x3  
  128  14:15  Marine  
  126  14:32  Marine x3  
  126  14:33  Marine  
  126  14:37  Planetary Fortress  
  130  14:39  Missile Turret  
  130  14:41  Missile Turret  
  130  14:42  Refinery x2, Missile Turret  
  130  14:43  Raven x2  
  130  14:44  Raven x2  
  135  14:50  Marine x4  
  123  15:07  Marine x2  
  123  15:08  Marine x2  
  123  15:11  Missile Turret x3  
  127  15:14  Refinery  
  127  15:16  SCV x3  
  127  15:17  SCV  
  131  15:25  Marine x2  
  131  15:26  Marine x2, Raven x2  
  137  15:28  SCV x3  
  137  15:32  Raven x2  
  137  15:33  SCV  
  143  15:40  SCV x2  
  143  15:41  SCV  
  146  15:43  Marine x3  
  146  15:44  Marine  
  146  15:45  SCV  
  142  15:52  SCV  
  142  15:53  SCV  
  137  15:58  Command Center  
  137  16:00  SCV  
  137  16:01  SCV, Marine x3  
  137  16:02  Marine  
  135  16:04  SCV  
  135  16:09  Raven  
  138  16:19  Marine x4  
  138  16:22  SCV x4  
  146  16:26  Terran Infantry Armor Level 1  
  146  16:30  Raven x3  
  150  16:34  SCV x4  
  150  16:36  Marine x2  
  150  16:37  Marine x2  
  136  16:46  SCV  
  137  16:52  Raven  
  139  16:54  Marine x2  
  139  16:55  Marine x2  
  143  17:02  SCV  
  143  17:03  SCV x3  
  143  17:07  Planetary Fortress  
  147  17:12  Missile Turret x3, Marine x3  
  147  17:13  Marine, Raven  
  147  17:14  Refinery  
  147  17:15  Missile Turret  
  145  17:30  Marine x3  
  145  17:31  Marine  
  145  17:32  Command Center  
  149  17:45  Refinery  
  149  17:48  Marine x3  
  152  17:52  Marine  
  153  18:02  Raven x4  
  153  18:05  SCV x2  
  163  18:19  Marine x2  
  163  18:20  SCV  
  163  18:21  Marine x2  
  163  18:22  SCV  
  150  18:36  Marine  
  150  18:37  Marine  
  150  18:38  Marine  
  150  18:39  Marine  
  154  18:45  Raven  
  144  18:54  Marine  
  144  18:55  Marine  
  130  18:56  Marine  
  130  18:57  Marine, Planetary Fortress  
  128  19:03  SCV x2  
  128  19:04  SCV  
  128  19:08  Missile Turret  
  131  19:12  Marine  
  131  19:15  SCV  
  131  19:16  SCV  
  131  19:17  SCV x2  
  136  19:19  Marine  
  136  19:20  Marine x2  
  136  19:22  Raven x3  
  142  19:27  SCV, Raven  
  142  19:28  Missile Turret  
  142  19:30  Marine  
  146  19:37  Marine x2  
  146  19:38  Marine  
  149  19:48  Marine  
  149  19:49  SCV x5  
  149  19:50  Missile Turret  
  155  19:55  Marine x3  
  158  20:01  SCV  
  158  20:03  Command Center  
  158  20:05  Marine, Raven x3  
  159  20:13  Marine x3  
  138  20:20  SCV  
  138  20:21  SCV x3  
  131  20:23  Marine  
  133  20:31  Marine x3  
  116  20:41  Command Center, Marine, Raven  
  106  20:48  Marine  
  106  20:49  Marine x2  
  109  20:59  Marine  
  110  21:06  Marine x2  
  110  21:07  Marine  
  113  21:17  Marine  
  108  21:24  Marine x3  
  105  21:34  Marine  
  102  21:42  Marine x3  
  102  21:45  Raven x4  
  111  21:52  Marine  
  111  21:59  SCV  
  111  22:00  Marine x3  
  107  22:10  Marine  
  108  22:17  Marine  
  108  22:18  Marine x2  
  110  22:28  Marine, Raven  
  113  22:35  Marine  
  113  22:36  Marine  
  115  22:40  Marine  
  116  22:46  Marine  
  117  22:52  Raven x3  
  117  22:53  Marine x2  
  125  22:58  Marine  
  125  23:03  Planetary Fortress  
  125  23:04  Marine  
  107  23:07  Refinery, Missile Turret  
  107  23:08  Missile Turret x2  
  107  23:09  SCV x2  
  107  23:10  SCV x2  
  107  23:11  Marine  
  112  23:18  Marine x2  
  114  23:21  Marine  
  115  23:29  Marine  
Show
View Real Time Build Order
Export as new Build Order

Rye Zerg 

Build Orders: Hatch First 

Get SALT Encoding   

  12  0:02  Drone  
  13  0:14  Overlord  
  13  0:26  Drone  
  14  0:33  Drone x2  
  16  0:37  Drone  
  17  0:56  Drone  
  18  0:57  Hatchery  
  17  1:07  Extractor  
  17  1:08  Drone  
  17  1:23  Spawning Pool  
  17  1:25  Drone x2  
  18  1:35  Drone  
  19  1:43  Drone  
  20  1:54  Overlord  
  20  2:10  Queen  
  20  2:12  Queen  
  20  2:14  Zergling x6  
  27  2:18  Metabolic Boost  
  27  2:22  Drone  
  28  2:41  Zergling x6  
  28  2:42  Zergling x2  
  32  2:47  Drone  
  33  3:02  Drone x2  
  33  3:04  Hatchery  
  34  3:12  Roach Warren  
  33  3:15  Baneling Nest  
  34  3:20  Drone x3  
  36  3:33  Extractor  
  35  3:35  Overlord x3  
  35  3:48  Drone  
  36  4:04  Drone x10  
  36  4:05  Extractor  
  45  4:12  Lair  
  45  4:14  Queen  
  47  4:24  Overlord  
  47  4:29  Drone x2  
  47  4:30  Drone x2  
  51  4:40  Pneumatized Carapace  
  51  4:41  Drone x3  
  51  4:42  Drone  
  55  5:03  Drone  
  55  5:04  Drone x11  
  67  5:14  Centrifical Hooks  
  67  5:20  Overlord x3  
  67  5:23  Extractor  
  66  5:29  Overlord  
  66  5:37  Queen  
  66  5:39  Baneling  
  66  5:40  Baneling x12  
  68  5:56  Extractor  
  68  5:57  Extractor  
  66  5:58  Spore Crawler  
  65  6:10  Spire  
  64  6:24  Hydralisk Den  
  63  6:26  Hatchery  
  63  6:27  Hatchery  
  63  6:31  Drone x2  
  63  6:32  Drone x3  
  66  6:33  Drone x3  
  66  6:34  Overlord x2  
  66  6:35  Overlord x2  
  67  6:53  Muscular Augments  
  62  7:03  Burrow  
  62  7:06  Zergling x2  
  62  7:08  Zergling x2  
  64  7:10  Zergling x2  
  64  7:11  Zergling x2  
  66  7:18  Spore Crawler  
  65  7:23  Corruptor  
  65  7:24  Corruptor x7  
  65  7:29  Overseer x2  
  81  7:36  Overlord x3  
  80  7:54  Drone x8  
  80  7:55  Drone x9  
  97  8:10  Corruptor x3  
  87  8:33  Corruptor x4  
  87  8:34  Corruptor x2  
  91  8:42  Spore Crawler  
  91  8:44  Spore Crawler  
  91  8:45  Spore Crawler  
  88  9:14  Grooved Spines  
  88  9:19  Zergling x16  
  88  9:20  Zergling x26  
  88  9:21  Evolution Chamber  
  108  9:34  Spore Crawler, Spine Crawler  
  108  9:35  Spine Crawler, Drone x2  
  108  9:36  Drone x2  
  108  9:48  Drone  
  108  9:49  Drone  
  109  10:01  Corruptor x5  
  109  10:05  Overlord x4  
  109  10:06  Overlord x4  
  119  10:24  Baneling x7  
  119  10:26  Baneling x4  
  114  10:39  Hatchery  
  100  11:00  Corruptor x7  
  113  11:14  Zerg Missile Weapons Level 1  
  113  11:22  Zergling x24  
  125  11:40  Hatchery  
  124  12:07  Zerg Flyer Weapons Level 1  
  107  12:17  Zergling x2  
  107  12:18  Zergling x32  
  123  12:33  Queen  
  123  12:34  Drone x3  
  123  12:35  Drone x2  
  111  13:08  Zergling x2  
  111  13:09  Zergling x30, Queen  
  128  13:19  Zerg Melee Weapons Level 1  
  128  13:22  Drone x4  
  128  13:23  Drone x2  
  128  13:24  Drone  
  117  13:49  Corruptor x3  
  117  13:50  Corruptor x5  
  117  13:51  Corruptor x6  
  145  14:08  Extractor  
  145  14:09  Extractor  
  143  14:10  Spore Crawler  
  143  14:12  Spine Crawler  
  141  14:35  Baneling x5  
  141  14:45  Spore Crawler  
  139  14:46  Spore Crawler  
  130  15:10  Zergling x34  
  130  15:11  Zergling x12, Hydralisk  
  130  15:13  Zerg Ground Armor Level 1  
  132  15:52  Hydralisk x7  
  132  15:53  Hydralisk x7  
  157  16:03  Zergling x2  
  154  16:04  Zergling x6  
  154  16:06  Baneling x5  
  154  16:07  Baneling  
  154  16:08  Baneling x15  
  155  16:13  Hydralisk  
  155  16:14  Hydralisk x4  
  164  16:39  Zergling x2  
  153  16:40  Zergling x22  
  164  17:04  Overlord x6  
  164  17:05  Overlord x3  
  164  17:06  Zerg Melee Weapons Level 2  
  153  17:25  Hydralisk x6  
  153  17:26  Hydralisk  
  167  17:45  Zergling x2  
  167  17:46  Zergling x12  
  167  17:49  Hatchery  
  167  17:50  Hatchery  
  172  17:54  Zerg Flyer Weapons Level 2  
  172  18:04  Baneling  
  172  18:05  Baneling x20  
  172  18:06  Baneling x3  
  172  18:10  Hatchery  
  128  19:06  Hatchery  
  126  19:10  Zergling x16  
  126  19:11  Zergling x24  
  145  19:22  Zerg Missile Weapons Level 2  
  145  19:23  Drone x4  
  149  19:53  Baneling  
  149  19:54  Baneling x13  
  123  20:17  Zergling x2  
  123  20:18  Zergling x34  
  127  20:42  Zergling x24  
  136  20:47  Baneling  
  136  20:48  Baneling x17  
  136  20:57  Spine Crawler  
  136  20:59  Spine Crawler  
  136  21:00  Spore Crawler, Spine Crawler  
  136  21:01  Spine Crawler  
  131  21:06  Spore Crawler  
  97  21:35  Zergling x2  
  97  21:36  Zergling x22  
  97  21:38  Zergling x12  
  103  22:02  Hatchery  
  101  22:10  Zergling x16  
  109  22:23  Hydralisk x2  
  109  22:29  Drone  
  114  22:37  Drone x2  
  114  22:42  Baneling x4  
  114  22:43  Baneling  
  111  23:08  Overlord  
  111  23:09  Overlord  
  111  23:10  Overlord  
  111  23:13  Overlord  
  111  23:20  Overlord  
Tags
 
Add a new tag
Caveats
  • Supply blocks, unpowered buildings, or Contaminate may cause inaccurate times.
  • Supply counts are checked every 10 seconds.